 Dungeon Crawl Stone Soup version 0.24.0-1-gfbc8707122 (webtiles) character file.

Game seed: 735895029227007312, levelgen mode: deterministic

2358 Curus the Cleaver (level 9, -1/70 HPs)
             Began as a Minotaur Fighter on Oct 28, 2019.
             Was an Elder of Okawaru.
             Slain by an orc warrior
             ... wielding a +0 glaive
              (11 damage)
             ... on level 6 of the Dungeon.
             The game lasted 00:22:31 (3996 turns).

Curus the Cleaver (Minotaur Fighter)                Turns: 3996, Time: 00:22:31

Health: -1/70      AC: 13    Str: 20    XL:     9   Next: 20%
Magic:  8/8        EV:  3    Int:  7    God:    Okawaru [****..]
Gold:   209        SH:  9    Dex: 12    Spells: 8/8 levels left

rFire    . . .     SeeInvis .   a - +0 war axe
rCold    . . .     Gourm    .   c - +0 shield
rNeg     . . .     Faith    .   i - +0 plate armour
rPois    .         Spirit   .   (helmet restricted)
rElec    .         Reflect  .   k - +0 cloak
rCorr    .         Harm     .   o - +0 pair of gloves
MR       +....                  (no boots)
Stlth    ..........             p - amulet of regeneration
HPRegen  0.61/turn              l - ring of stealth
MPRegen  0.11/turn              (no ring)

@: no status effects
A: retaliatory headbutt, horns 2, deterioration 1, magic resistance 1
a: Heroism, Renounce Religion


You were on level 6 of the Dungeon.
You worshipped Okawaru.
Okawaru was greatly pleased with you.
You were not hungry.

You visited 1 branch of the dungeon, and saw 6 of its levels.

You collected 258 gold pieces.
You spent 49 gold pieces at shops.

Inventory:

Hand Weapons
 a - a +0 war axe (weapon)
Armour
 b - a +0 scale mail
 c - a +0 shield (worn)
 g - a -1 pair of gloves
 i - a +0 plate armour (worn)
 k - a +0 cloak (worn)
 o - a +0 pair of gloves (worn)
Jewellery
 l - a ring of stealth (left hand)
 m - an uncursed ring of attention
 p - an amulet of regeneration (around neck)
 t - a cursed ring of teleportation
Wands
 r - a wand of random effects (15)
Scrolls
 e - 4 scrolls of identify
 j - 4 scrolls of amnesia
 n - a scroll of teleportation
 q - a scroll of blinking
 s - a scroll of remove curse
Potions
 d - 3 potions of might
 h - 4 potions of curing
Comestibles
 f - 10 rations
 u - a chunk of flesh


   Skills:
 - Level 3.6 Fighting
 + Level 14.2 Axes
 - Level 3.6 Armour
 - Level 3.6 Shields


You had 8 spell levels left.
You didn't know any spells.
Your spell library contained the following spells:

 Spells                   Type           Power        Failure   Level  Hunger
 Beastly Appendage        Tmut           #.....       100%        1    ##.....
 Sticks to Snakes         Tmut           #.......     100%        2    ###....
 Spider Form              Tmut/Pois      #.........   100%        3    ####...
 Ice Form                 Ice/Tmut       #.......     100%        4    #####..
 Blade Hands              Tmut           #.........   100%        5    ######.


Dungeon Overview and Level Annotations

Branches:
Dungeon (6/15)             Temple (0/1) D:6

Altars:
Dithmenos
Makhleb
Nemelex Xobeh
Okawaru
Trog
Uskayaw
Vehumet
Xom
Yredelemnul

Shops:
D:6 =


Innate Abilities, Weirdness & Mutations

You reflexively headbutt those who attack you in melee.
You have a pair of horns on your head.
Your body sometimes deteriorates upon taking damage.
You are resistant to hostile enchantments. (MR+)


Message History

You hit the wight but do no damage.
The wight is severely damaged.
The orc warrior hits you but does no damage.
You slash the wight!
You destroy the wight!
Okawaru accepts your kill.
Your life force feels restored.
The orc warrior hits you but does no damage.
Items here: ( )))) [[[ † You closely miss the orc warrior.
You block the orc warrior's attack.
You closely miss the orc warrior.
The orc warrior hits you with a +0 glaive!
You hit the orc warrior but do no damage.
You closely miss the orc warrior. Your headbutt misses the orc warrior.
The orc warrior hits you with a +0 glaive!!
* * * LOW HITPOINT WARNING * * *
You hit the orc warrior.
The orc warrior is lightly wounded.
The orc warrior hits you with a +0 glaive!
You die...

...........# #.#
...........# #.#
...........# #.#
...........# #.#
##########.# #.# #.###)#
#####..##.# #####
#((..#.##.###..$...
######.##.#....(@oz.....
.......##.##...###......
.......##.##...# .....
....)..##.##...# ....
.......##......# ...
.......######..# ..
...........##..# .
......####.##..# ......#
#.###.#


You could see an orc warrior and a wight.

Vanquished Creatures
  Grinder (D:5)
  2 black bears
  3 phantoms
  An ogre (D:5)
  3 centaurs (D:6)
  Blork the orc (D:5)
  5 scorpions
  7 wights (D:6)
  2 crimson imps (D:5)
  A hound (D:5)
  Crazy Yiuf (D:4)
  A centaur skeleton (D:6)
  3 orc priests
  A bullfrog skeleton (D:5)
  An iguana (D:6)
  Natasha (thrice) (D:3)
  4 orc wizards
  2 worker ants
  4 gnolls (D:5)
  7 adders
  2 shadow imps
  An ooze (D:2)
  2 adder zombies (D:6)
  An adder skeleton (D:4)
  3 worms
  2 dart slugs (D:2)
  A leopard gecko (D:1)
  13 orcs
  3 giant cockroaches
  8 goblins
  7 hobgoblins
  6 jackals
  4 quokkas
  2 ball pythons
  7 bats
  5 frilled lizards
  A jackal skeleton (D:6)
  7 kobolds
  A leopard gecko skeleton (D:3)
  A leopard gecko zombie (D:5)
  2 quokka skeletons (D:6)
  9 rats
141 creatures vanquished.

Notes
Turn   | Place    | Note
-------+----------+-------------------------------------------
     0 | D:1      | Curus the Minotaur Fighter began the quest for the Orb.
     0 | D:1      | Reached XP level 1. HP: 19/19 MP: 0/0
    44 | D:1      | Reached skill level 3 in Axes
   123 | D:1      | Reached XP level 2. HP: 26/26 MP: 1/1
   140 | D:1      | Gained mutation: Your body sometimes deteriorates upon
                  | taking damage. [potion of mutation]
   140 | D:1      | Gained mutation: You are resistant to hostile enchantments.
                  | (MR+) [potion of mutation]
   222 | D:1      | Reached skill level 4 in Axes
   529 | D:2      | Reached XP level 3. HP: 30/31 MP: 2/2
   597 | D:2      | Found an iron altar of Okawaru.
   604 | D:2      | Became a worshipper of Warmaster Okawaru
   742 | D:2      | Reached skill level 5 in Axes
   832 | D:2      | Reached XP level 4. HP: 25/39 MP: 3/3
   861 | D:2      | Found a hide-covered altar of Uskayaw.
   863 | D:2      | Found a sparkling altar of Nemelex Xobeh.
  1161 | D:3      | Noticed Natasha
  1166 | D:3      | Killed Natasha
  1324 | D:3      | Found a shimmering altar of Xom.
  1359 | D:3      | Reached skill level 6 in Axes
  1738 | D:3      | Found a radiant altar of Vehumet.
  1843 | D:3      | Noticed Natasha
  1850 | D:3      | Killed Natasha
  1850 | D:3      | Reached XP level 5. HP: 42/45 MP: 4/4
  1861 | D:3      | Noticed Natasha
  1875 | D:3      | Killed Natasha
  1898 | D:4      | Reached skill level 7 in Axes
  1945 | D:4      | Found a runed translucent door.
  1946 | D:4      | Noticed Crazy Yiuf
  2199 | D:4      | Found a shadowy altar of Dithmenos.
  2333 | D:4      | Reached * piety under Okawaru
  2403 | D:4      | Noticed a phantom
  2428 | D:4      | Killed a phantom
  2428 | D:4      | Reached skill level 8 in Axes
  2428 | D:4      | Reached XP level 6. HP: 48/51 MP: 5/5
  2628 | D:4      | Killed Crazy Yiuf
  2671 | D:5      | Entered Level 5 of the Dungeon
  2703 | D:5      | Reached skill level 9 in Axes
  2759 | D:5      | Found a basalt altar of Yredelemnul.
  2772 | D:5      | Reached ** piety under Okawaru
  2772 | D:5      | Reached XP level 7. HP: 33/57 MP: 6/6
  2781 | D:5      | Noticed Grinder
  2782 | D:5      | Found a burning altar of Makhleb.
  2807 | D:5      | Killed Grinder
  2807 | D:5      | Reached skill level 10 in Axes
  2941 | D:5      | Found a bloodstained altar of Trog.
  2979 | D:5      | Noticed Blork the orc
  2985 | D:5      | Reached skill level 11 in Axes
  2992 | D:5      | Killed Blork the orc
  2992 | D:5      | Reached XP level 8. HP: 51/64 MP: 7/7
  3045 | D:5      | Found a basalt altar of Yredelemnul.
  3095 | D:5      | Reached *** piety under Okawaru
  3459 | D:6      | Reached skill level 12 in Axes
  3707 | D:6      | Reached skill level 13 in Axes
  3722 | D:6      | Found Rotuuf's Jewellery Shoppe.
  3739 | D:6      | Bought a cursed ring of teleportation for 49 gold pieces
  3788 | D:6      | Found a staircase to the Ecumenical Temple.
  3809 | D:6      | Reached XP level 9. HP: 50/70 MP: 8/8
  3961 | D:6      | Reached skill level 14 in Axes
  3972 | D:6      | Reached **** piety under Okawaru
  3996 | D:6      | Slain by an orc warrior

Levels and vault maps discovered:
D:1:      giann_bridges, layout_rooms, serial_park_tiny_pond,
          chequers_serial_rivers_large_a, minmay_pentomino_z4
D:2:      layout_basic, okawaru_trees_2,
          chequers_temple_overflow_statue_of_worship
D:3:      layout_loops_ring, old_standard_altar, nicolae_overflow_crystal_walls,
          uniq_natasha
D:4:      layout_loops_ring, nicolae_dithmenos_through_a_glass_darkly,
          first_ration, chequers_jeans, serial_bayou_pond_d,
          minmay_misc_feat_plants, uniq_crazy_yiuf_cottage
D:5:      black_bear_nest_1, layout_basic, lightli_temple_of_fire,
          yredelemnul_altar_generic, lemuel_crystal_altar, basic_altar,
          minmay_misc_feat_four_crosses, uniq_blork_the_orc, uniq_grinder
D:6:      layout_basic, temple_green, ebering_ghost_disaster_area, serial_shops,
          nicolae_shop_crystal

Skill      XL: |  1  2  3  4  5  6  7  8  9 |
---------------+----------------------------+-----
Axes           | 3 4 5 6 8 9 11 13 14 | 14.2
Fighting       | |  3.6
Armour         | |  3.6
Shields        | |  3.6

Action                   |  1- 3 |  4- 6 |  7- 9 || total
-------------------------+-------+-------+-------++-------
Melee: War axe           |   103 |   139 |   244 ||   486
       Headbutt          |    11 |    28 |    48 ||    87
  Use: Scroll            |     4 |     4 |     2 ||    10
       Potion            |     3 |     1 |     1 ||     5
  Eat: Ration            |       |     1 |       ||     1
       Chunk             |       |     3 |     4 ||     7
Armor: Scale mail        |    46 |    26 |       ||    72
       Plate armour      |       |    35 |   124 ||   159
Dodge: Dodged            |    24 |    20 |    24 ||    68
Block: Shield            |    49 |    54 |    87 ||   190
